| TOP OF THE 1ST |
|
Oklahoma State University Cowboys batting - Pitching for Ohio State University Buckeyes : RHP Eric Long
|
|
Pitching: RHP Eric Long
|
|
|
Batting: RHB Simon Gravitt
|
0-0: Fly out, F6 (Popup, 6M, EV 60.0 MPH)
|
|
Batting: LHB Dwayne Roche
|
0-0: Called Strike 0-1: Foul Ball, location: 2F 0-2: Strikes out looking
|
|
Batting: LHB Kyle David
|
0-0: Called Strike 0-1: Swinging Strike 0-2: Ground out 4-3 (Groundball, 4MD, EV 100.6 MPH)
|
| Top of the 1st over - 0 runs, 0 hits, 0 errors, 0 left on base; Oklahoma State University 0 - Ohio State University 0 |
| BOTTOM OF THE 1ST |
|
Ohio State University Buckeyes batting - Pitching for Oklahoma State University Cowboys : LHP Zach Richards
|
|
Pitching: LHP Zach Richards
|
|
|
Batting: LHB Adam Simpson
|
0-0: Foul Ball, location: 2F 0-1: Ball 1-1: Ball 2-1: Foul Ball, location: 2F 2-2: Ball 3-2: Fly out, F7 (Flyball, 7, EV 97.5 MPH)
|
|
Batting: RHB Mike Tarantino
|
0-0: Ball 1-0: Called Strike 1-1: Foul Ball, location: 2F 1-2: Ball 2-2: Ball 3-2: Ground out 4-3 (Groundball, 4, EV 91.2 MPH)
|
|
Batting: RHB Tristan Gimple
|
0-0: Swinging Strike 0-1: Foul Ball, location: 2F 0-2: Ball 1-2: Foul Ball, location: 2F 1-2: Fly out, F8 (Flyball, 8LM, EV 88.8 MPH)
|
| Bottom of the 1st over - 0 runs, 0 hits, 0 errors, 0 left on base; Oklahoma State University 0 - Ohio State University 0 |
| TOP OF THE 2ND |
|
Oklahoma State University Cowboys batting - Pitching for Ohio State University Buckeyes : RHP Eric Long
|
|
Batting: LHB Jeff Williams
|
0-0: Foul Ball, location: 2F 0-1: Ball 1-1: Swinging Strike 1-2: Foul Ball, location: 2F 1-2: Strikes out looking
|
|
Batting: RHB Magnus Laursen
|
0-0: Called Strike 0-1: Swinging Strike 0-2: SINGLE (Groundball, 6MD, EV 95.0 MPH)
|
|
Batting: LHB Cory Rohr
|
0-0: Ball 1-0: Called Strike 1-1: Foul Ball, location: 2F 1-2: Grounds into double play, 6-4-3 (Groundball, 6, EV 85.0 MPH)
|
| Top of the 2nd over - 0 runs, 1 hit, 0 errors, 0 left on base; Oklahoma State University 0 - Ohio State University 0 |
| BOTTOM OF THE 2ND |
|
Ohio State University Buckeyes batting - Pitching for Oklahoma State University Cowboys : LHP Zach Richards
|
|
Batting: LHB Tony Abascal
|
0-0: Foul Ball, location: 2F 0-1: Foul Ball, location: 2F 0-2: SINGLE (Groundball, 6MD, EV 98.8 MPH)
|
|
Batting: LHB Zach Brandt
|
0-0: Ball 1-0: Called Strike 1-1: SINGLE (Groundball, 4M, EV 99.4 MPH) (infield hit) Tony Abascal to second
|
|
Batting: LHB Anthony Ross
|
0-0: SINGLE (Groundball, 56S, EV 70.0 MPH) (infield hit) Tony Abascal to third Zach Brandt to second
|
|
Batting: RHB Bo Wu
|
0-0: Swinging Strike 0-1: Hit by Pitch Tony Abascal scores Zach Brandt to third Anthony Ross to second
|
|
Batting: RHB David Guillen
|
0-0: Ball 1-0: Called Strike 1-1: Grounds into double play, 6-4-3 (Groundball, 6, EV 108.8 MPH) Zach Brandt scores Anthony Ross to third
|
|
Batting: RHB Josh Dinsmore
|
0-0: Ball 1-0: Ball 2-0: Ball 3-0: Called Strike 3-1: Foul Ball, location: 2F 3-2: Ground out 5-3 (Groundball, 5, EV 81.2 MPH)
|
| Bottom of the 2nd over - 2 runs, 3 hits, 0 errors, 1 left on base; Oklahoma State University 0 - Ohio State University 2 |
| TOP OF THE 3RD |
|
Oklahoma State University Cowboys batting - Pitching for Ohio State University Buckeyes : RHP Eric Long
|
|
Batting: RHB Rory Cardosi
|
0-0: Foul Ball, location: 2F 0-1: Swinging Strike 0-2: Ball 1-2: Ball 2-2: Foul Ball, location: 2F 2-2: SINGLE (Line Drive, 7S, EV 93.1 MPH)
|
|
Batting: RHB Estevan Alvarez
|
0-0: Ball 1-0: Ball 2-0: Ball 3-0: Fly out, F7 (Flyball, 7, EV 94.4 MPH)
|
|
Batting: RHB Frederik Koster
|
0-0: Ball 1-0: Reached on error, E5 (Groundball, 56S, EV 89.4 MPH) Rory Cardosi to second
|
|
Batting: RHB Simon Gravitt
|
0-0: Called Strike 0-1: Foul Ball, location: 2F 0-2: Ball 1-2: Ball 2-2: Ball 3-2: Foul Ball, location: 2F 3-2: Foul Ball, location: 2F 3-2: Foul Ball, location: 2F 3-2: Fly out, F9 (Line Drive, 9, EV 97.5 MPH)
|
|
Batting: LHB Dwayne Roche
|
0-0: Swinging Strike 0-1: Ball 1-1: Ball 2-1: Swinging Strike 2-2: Strikes out swinging
|
| Top of the 3rd over - 0 runs, 1 hit, 1 error, 2 left on base; Oklahoma State University 0 - Ohio State University 2 |
| BOTTOM OF THE 3RD |
|
Ohio State University Buckeyes batting - Pitching for Oklahoma State University Cowboys : LHP Zach Richards
|
|
Batting: LHB Adam Simpson
|
0-0: Called Strike 0-1: Called Strike 0-2: Fly out, F9 (Flyball, 9LM, EV 102.5 MPH)
|
|
Batting: RHB Mike Tarantino
|
0-0: Ball 1-0: SINGLE (Groundball, 13S, EV 71.2 MPH) (infield hit)
|
|
Batting: RHB Tristan Gimple
|
0-0: Called Strike 0-1: Ball 1-1: Foul Ball, location: 2F 1-2: Ball 2-2: Ball 3-2: Foul Ball, location: 2F 3-2: Foul Ball, location: 2F 3-2: Foul Ball, location: 2F 3-2: Fly out, F9 (Flyball, 89S, EV 90.6 MPH)
|
|
Batting: LHB Tony Abascal
|
0-0: Ball 1-0: Ball 2-0: Ball 3-0: Called Strike 3-1: Fly out, F8 (Line Drive, 8LM, EV 93.1 MPH)
|
| Bottom of the 3rd over - 0 runs, 1 hit, 0 errors, 1 left on base; Oklahoma State University 0 - Ohio State University 2 |
| TOP OF THE 4TH |
|
Oklahoma State University Cowboys batting - Pitching for Ohio State University Buckeyes : RHP Eric Long
|
|
Batting: LHB Kyle David
|
0-0: Ball 1-0: Foul Ball, location: 2F 1-1: Foul Ball, location: 2F 1-2: Ball 2-2: Foul Ball, location: 2F 2-2: Foul Ball, location: 2F 2-2: SOLO HOME RUN (Flyball, 7D, EV 96.2 MPH), Distance : 386 ft
|
|
Batting: LHB Jeff Williams
|
0-0: Called Strike 0-1: Foul Ball, location: 2F 0-2: Ball 1-2: Foul Ball, location: 2F 1-2: Foul Ball, location: 2F 1-2: Strikes out swinging
|
|
Batting: RHB Magnus Laursen
|
0-0: Ball 1-0: Ground out 4-3 (Groundball, 34, EV 85.0 MPH)
|
|
Batting: LHB Cory Rohr
|
0-0: Foul Ball, location: 2F 0-1: Ground out 6-3 (Groundball, 6, EV 103.1 MPH)
|
| Top of the 4th over - 1 run, 1 hit, 0 errors, 0 left on base; Oklahoma State University 1 - Ohio State University 2 |
| BOTTOM OF THE 4TH |
|
Ohio State University Buckeyes batting - Pitching for Oklahoma State University Cowboys : LHP Zach Richards
|
|
Batting: LHB Zach Brandt
|
0-0: Called Strike 0-1: Called Strike 0-2: Foul Ball, location: 2F 0-2: Foul Ball, location: 2F 0-2: SINGLE (Groundball, 4D, EV 94.4 MPH)
|
|
Batting: LHB Anthony Ross
|
0-0: Called Strike 0-1: Grounds into double play, 4-6-3 (Groundball, 4M, EV 106.2 MPH)
|
|
Batting: RHB Bo Wu
|
0-0: Foul Ball, location: 2F 0-1: Ball 1-1: Foul Ball, location: 2F 1-2: Ball 2-2: Fly out, F8 (Flyball, 89D, EV 102.5 MPH)
|
| Bottom of the 4th over - 0 runs, 1 hit, 0 errors, 0 left on base; Oklahoma State University 1 - Ohio State University 2 |
| TOP OF THE 5TH |
|
Oklahoma State University Cowboys batting - Pitching for Ohio State University Buckeyes : RHP Eric Long
|
|
Batting: RHB Rory Cardosi
|
0-0: Called Strike 0-1: Swinging Strike 0-2: Ground out 4-3 (Groundball, 4, EV 84.4 MPH)
|
|
Batting: RHB Estevan Alvarez
|
0-0: Called Strike 0-1: Ball 1-1: Ball 2-1: Swinging Strike 2-2: Strikes out looking
|
|
Batting: RHB Frederik Koster
|
0-0: Called Strike 0-1: Swinging Strike 0-2: Fly out, F4 (Popup, 34S, EV 78.8 MPH)
|
| Top of the 5th over - 0 runs, 0 hits, 0 errors, 0 left on base; Oklahoma State University 1 - Ohio State University 2 |
| BOTTOM OF THE 5TH |
|
Ohio State University Buckeyes batting - Pitching for Oklahoma State University Cowboys : LHP Zach Richards
|
|
Batting: RHB David Guillen
|
0-0: Swinging Strike 0-1: Foul Ball, location: 2F 0-2: Ball 1-2: Ball 2-2: Foul Ball, location: 2F 2-2: Strikes out swinging
|
|
Batting: RHB Josh Dinsmore
|
0-0: Ball 1-0: Ball 2-0: Foul Ball, location: 2F 2-1: Fly out, F8 (Flyball, 8RM, EV 84.4 MPH)
|
|
Batting: LHB Adam Simpson
|
0-0: Foul Ball, location: 2F 0-1: Foul Ball, location: 2F 0-2: Strikes out swinging
|
| Bottom of the 5th over - 0 runs, 0 hits, 0 errors, 0 left on base; Oklahoma State University 1 - Ohio State University 2 |
| TOP OF THE 6TH |
|
Oklahoma State University Cowboys batting - Pitching for Ohio State University Buckeyes : RHP Eric Long
|
|
Batting: RHB Simon Gravitt
|
0-0: Ball 1-0: Ball 2-0: Foul Ball, location: 2F 2-1: Foul Ball, location: 2F 2-2: Strikes out swinging
|
|
Batting: LHB Dwayne Roche
|
0-0: Ball 1-0: Ball 2-0: Fly out, F8 (Flyball, 8LD, EV 98.8 MPH)
|
|
Batting: LHB Kyle David
|
0-0: Ball 1-0: Called Strike 1-1: Foul Ball, location: 2F 1-2: Ground out 4-3 (Groundball, 4, EV 93.1 MPH)
|
| Top of the 6th over - 0 runs, 0 hits, 0 errors, 0 left on base; Oklahoma State University 1 - Ohio State University 2 |
| BOTTOM OF THE 6TH |
|
Ohio State University Buckeyes batting - Pitching for Oklahoma State University Cowboys : LHP Zach Richards
|
|
Batting: RHB Mike Tarantino
|
0-0: Called Strike 0-1: Ball 1-1: Ground out 5-3 (Groundball, P, EV 83.1 MPH)
|
|
Pitching: RHP Rien Klinkenberg
|
|
|
Batting: RHB Tristan Gimple
|
0-0: Called Strike 0-1: Ground out 5-3 (Groundball, 56S, EV 88.1 MPH)
|
|
Batting: LHB Tony Abascal
|
0-0: Swinging Strike 0-1: Ball 1-1: Ball 2-1: SINGLE (Line Drive, 5D, EV 97.5 MPH)
|
|
Batting: LHB Zach Brandt
|
0-0: Swinging Strike 0-1: Fly out, F7 (Flyball, 78M, EV 86.2 MPH)
|
| Bottom of the 6th over - 0 runs, 1 hit, 0 errors, 1 left on base; Oklahoma State University 1 - Ohio State University 2 |
| TOP OF THE 7TH |
|
Oklahoma State University Cowboys batting - Pitching for Ohio State University Buckeyes : RHP Eric Long
|
|
Batting: LHB Jeff Williams
|
0-0: Ball 1-0: Called Strike 1-1: Ball 2-1: Foul Ball, location: 2F 2-2: Foul Ball, location: 2F 2-2: Foul Ball, location: 2F 2-2: Foul Ball, location: 2F 2-2: Ball 3-2: Foul Ball, location: 2F 3-2: Foul Ball, location: 2F 3-2: Fly out, F6 (Popup, 6M, EV 50.0 MPH)
|
|
Batting: RHB Magnus Laursen
|
0-0: Called Strike 0-1: Called Strike 0-2: Ground out 4-3 (Groundball, 4, EV 88.1 MPH)
|
|
Batting: LHB Cory Rohr
|
0-0: Called Strike 0-1: SINGLE (Groundball, 56D, EV 94.4 MPH)
|
|
Batting: RHB Rory Cardosi
|
0-0: Foul Ball, location: 2F 0-1: Fly out, F7 (Line Drive, 78S, EV 101.2 MPH)
|
| Top of the 7th over - 0 runs, 1 hit, 0 errors, 1 left on base; Oklahoma State University 1 - Ohio State University 2 |
| BOTTOM OF THE 7TH |
|
Ohio State University Buckeyes batting - Pitching for Oklahoma State University Cowboys : RHP Rien Klinkenberg
|
|
Batting: LHB Anthony Ross
|
0-0: Swinging Strike 0-1: Ball 1-1: Swinging Strike 1-2: Ball 2-2: Ball 3-2: Strikes out swinging
|
|
Batting: RHB Bo Wu
|
0-0: Called Strike 0-1: Ball 1-1: Foul Ball, location: 2F 1-2: Ball 2-2: Ball 3-2: Foul Ball, location: 2F 3-2: DOUBLE (Flyball, 78D, EV 107.5 MPH)
|
|
Batting: RHB David Guillen
|
0-0: Foul Ball, location: 2F 0-1: Ground out 6-3 (Groundball, 56, EV 98.1 MPH)
|
|
Batting: RHB Josh Dinsmore
|
0-0: Foul Ball, location: 2F 0-1: Foul Ball, location: 2F 0-2: Ball 1-2: Ball 2-2: Foul Ball, location: 2F 2-2: SINGLE (Flyball, 56D, EV 93.8 MPH) Bo Wu to third Runner from 3rd tries for Home, SAFE, throw by LF to home
|
|
Pitching: LHP Julian Judge
|
|
|
Batting: LHB Adam Simpson
|
0-0: Called Strike 0-1: Called Strike 0-2: Ball 1-2: Ball 2-2: Ball 3-2: Base on Balls Josh Dinsmore to second
|
|
Batting: RHB Mike Tarantino
|
0-0: Called Strike 0-1: Fielders Choice at 2nd, 6-4 (Groundball, 6, EV 86.2 MPH)
|
| Bottom of the 7th over - 1 run, 2 hits, 0 errors, 2 left on base; Oklahoma State University 1 - Ohio State University 3 |
| TOP OF THE 8TH |
|
Oklahoma State University Cowboys batting - Pitching for Ohio State University Buckeyes : RHP Eric Long
|
|
Pitching: RHP Andy Hollis
|
|
|
Batting: RHB Estevan Alvarez
|
0-0: Ball 1-0: Ball 2-0: Foul Ball, location: 2F 2-1: Ground out 1-3 (Groundball, 15, EV 70.0 MPH)
|
|
Batting: RHB Frederik Koster
|
0-0: Called Strike 0-1: Ground out U3 (Groundball, 34S, EV 71.2 MPH)
|
|
Batting: RHB Simon Gravitt
|
0-0: Ball 1-0: Swinging Strike 1-1: Foul Ball, location: 2F 1-2: Fly out, F7 (Flyball, 7, EV 83.1 MPH)
|
| Top of the 8th over - 0 runs, 0 hits, 0 errors, 0 left on base; Oklahoma State University 1 - Ohio State University 3 |
| BOTTOM OF THE 8TH |
|
Ohio State University Buckeyes batting - Pitching for Oklahoma State University Cowboys : LHP Julian Judge
|
|
Batting: RHB Tristan Gimple
|
0-0: Called Strike 0-1: Foul Ball, location: 2F 0-2: Ball 1-2: Strikes out swinging
|
|
Batting: LHB Tony Abascal
|
0-0: Ball 1-0: Ball 2-0: Ball 3-0: Called Strike 3-1: Base on Balls
|
|
Batting: LHB Zach Brandt
|
0-0: Ball 1-0: Foul Ball, location: 2F 1-1: Ball 2-1: Foul Ball, location: 2F 2-2: Foul Ball, location: 2F 2-2: Strikes out swinging
|
|
Batting: LHB Anthony Ross
|
0-0: Ball Wild Pitch! Tony Abascal to second 1-0: Called Strike 1-1: Foul Ball, location: 2F 1-2: Ball 2-2: Ground out 4-3 (Groundball, 34, EV 99.4 MPH)
|
| Bottom of the 8th over - 0 runs, 0 hits, 0 errors, 1 left on base; Oklahoma State University 1 - Ohio State University 3 |
| TOP OF THE 9TH |
|
Oklahoma State University Cowboys batting - Pitching for Ohio State University Buckeyes : RHP Andy Hollis
|
|
Pitching: RHP Harry Jerome
|
|
|
Batting: LHB Dwayne Roche
|
0-0: Ball 1-0: Called Strike 1-1: Foul Ball, location: 2F 1-2: Ball 2-2: Ball 3-2: Base on Balls
|
|
Batting: LHB Kyle David
|
0-0: DOUBLE (Groundball, 3L, EV 107.5 MPH) Dwayne Roche to third
|
|
Batting: LHB Jeff Williams
|
0-0: Foul Ball, location: 2F 0-1: Ball 1-1: Ground out 3-1 (Groundball, 34, EV 96.9 MPH) Dwayne Roche scores Kyle David to third
|
|
Batting: RHB Magnus Laursen
|
0-0: Ball 1-0: Ball 2-0: Ball 3-0: Called Strike 3-1: Foul Ball, location: 2F 3-2: DOUBLE (Line Drive, 3D, EV 105.6 MPH) Kyle David scores
|
|
Batting: LHB Cory Rohr
|
0-0: Intentional Walk
|
|
Batting: RHB Rory Cardosi
|
0-0: Called Strike 0-1: Grounds into double play, 3-6-1 (Groundball, 34, EV 86.9 MPH)
|
| Top of the 9th over - 2 runs, 2 hits, 0 errors, 1 left on base; Oklahoma State University 3 - Ohio State University 3 |
| BOTTOM OF THE 9TH |
|
Ohio State University Buckeyes batting - Pitching for Oklahoma State University Cowboys : LHP Julian Judge
|
|
Pitching: RHP Lisiate Iugini
|
|
|
Batting: RHB Bo Wu
|
0-0: Ball 1-0: Called Strike 1-1: Swinging Strike 1-2: Foul Ball, location: 2F 1-2: Ball 2-2: Strikes out swinging
|
|
Batting: RHB David Guillen
|
0-0: Ball 1-0: Foul Ball, location: 2F 1-1: Ball 2-1: Ball 3-1: Foul Ball, location: 2F 3-2: SINGLE (Groundball, 25, EV 69.4 MPH) (infield hit)
|
|
Pinch Hitting: RHB Masatoshi Mori
|
0-0: Ball 1-0: Called Strike 1-1: Ball David Guillen steals 2nd base 2-1: Ball 3-1: SINGLE (Line Drive, 3D, EV 109.4 MPH) David Guillen to third
|
|
Batting: LHB Adam Simpson
|
0-0: Foul Ball, location: 2F 0-1: Called Strike 0-2: Foul Ball, location: 2F 0-2: Ball 1-2: Foul Ball, location: 2F 1-2: Ball 2-2: Ball 3-2: SINGLE (Line Drive, 78S, EV 93.8 MPH) David Guillen scores
|
| Bottom of the 9th over - 1 run, 3 hits, 0 errors, 1 left on base; Oklahoma State University 3 - Ohio State University 4 |
|